 Dungeon Crawl Stone Soup version 0.18.1-5-g4a78601 (webtiles) character file.

30495 Kenran the Bludgeoner (level 13, -9/125 HPs)
             Began as a Minotaur Berserker on May 10, 2016.
             Was the Champion of Trog.
             Killed from afar by a blizzard demon (33 damage)
             ... with a bolt of lightning
             ... on level 3 of the Abyss.
             The game lasted 00:37:17 (17420 turns).

Kenran the Bludgeoner (Minotaur Berserker)         Turns: 17420, Time: 00:37:17

Health: -9/125     AC: 25    Str: 22    XL:     13   Next: 20%
Magic:  12/12      EV:  8    Int:  4    God:    Trog [******]
Gold:   963        SH:  0    Dex: 15    Spells: 0 memorised, 12 levels left

rFire  . . .     SeeInvis .     R - +1 dire flail (holy)
rCold  . . .     Gourm    +     y - +0 plate armour
rNeg   . . .     Faith    .     (shield currently unavailable)
rPois  .         Spirit   .     N - +2 hat
rElec  .         Dismiss  .     z - +2 cloak
rCorr  +         Reflect  .     g - +0 pair of gloves
SustAt .         Harm     .     J - +2 pair of boots
MR     .....                    s - amulet of the gourmand
Stlth  ..........               A - ring of resist corrosion
                                (no ring)

@: exhausted, non-regenerating, diseased, slowed, very slow, not resistant to
hostile enchantments, extremely unstealthy
A: retaliatory headbutt, horns 2
a: Berserk, Trog's Hand, Brothers in Arms, Burn Spellbooks, Renounce Religion


You were on level 3 of the Abyss.
You worshipped Trog.
Trog was exalted by your worship.
You were very full.

You visited 2 branches of the dungeon, and saw 16 of its levels.
You visited the Abyss 1 time.
You also visited: Sewer.

You collected 963 gold pieces.

Inventory:

Hand Weapons
 o - a +3 great mace of distortion
 R - a +1 dire flail of holy wrath (weapon)
Armour
 g - a +0 pair of gloves (worn)
 y - a +0 plate armour (worn)
 z - a +2 cloak (worn)
 J - a +2 pair of boots (worn)
 N - a +2 hat (worn)
Jewellery
 q - a +2 ring of protection {unknown}
 s - an amulet of the gourmand (around neck)
 A - a ring of resist corrosion (right hand)
 M - an uncursed amulet of guardian spirit {unknown}
Wands
 u - a wand of lightning (6/15)
Scrolls
 h - 6 scrolls of fear
 m - 7 scrolls of teleportation
 r - 6 scrolls of identify
 x - 5 scrolls of recharging
 F - 3 scrolls of remove curse
 G - 2 scrolls of magic mapping
 H - 3 scrolls of enchant weapon
 I - 2 scrolls of fog
 L - a scroll of blinking
 O - 2 scrolls of brand weapon {unknown}
Potions
 a - a potion of berserk rage {unknown}
 b - 2 potions of might {unknown}
 d - 7 potions of curing
 e - 6 potions of heal wounds
 k - a potion of cancellation {unknown}
 l - 2 potions of brilliance {unknown}
 n - 4 potions of flight {unknown}
 p - 2 potions of ambrosia {unknown}
 t - a potion of invisibility {unknown}
 v - 3 potions of resistance {unknown}
 w - 2 potions of magic {unknown}
 D - 2 potions of haste {unknown}
 E - 2 potions of lignification {unknown}
 K - 2 potions of agility {unknown}
 P - a potion of degeneration {unknown}
Books
 C - a book of Party Tricks

   Spells                             Type                      Level
   a - Summon Butterflies             Summoning                    1
   b - Apportation                    Translocation                1
   c - Tukima's Dance                 Hexes                        3
   d - Alistair's Intoxication        Transmutation/Poison         5
   e - Invisibility                   Hexes                        6
   Trog disapproves of the use of such an item.
 Q - a book of Unlife

   Spells                             Type                      Level
   a - Recall                         Summoning/Translocation      3
   b - Animate Dead                   Necromancy                   4
   c - Control Undead                 Necromancy                   4
   d - Cigotuvi's Embrace             Necromancy                   5
   e - Death Channel                  Necromancy                   6
   f - Simulacrum                     Ice/Necromancy               6
   Trog disapproves of the use of such an item.
 S - a book of Ice

   Spells                             Type                      Level
   a - Ice Form                       Ice/Transmutation            4
   b - Metabolic Englaciation         Hexes/Ice                    5
   c - Ozocubu's Refrigeration        Ice                          6
   d - Bolt of Cold                   Conjuration/Ice              6
   e - Freezing Cloud                 Conjuration/Ice/Air          6
   f - Simulacrum                     Ice/Necromancy               6
   Trog disapproves of the use of such an item.
Miscellaneous
 T - a stone of tremors
Comestibles
 c - 9 bread rations
 f - 3 slices of pizza
 i - 13 fruits
 j - 7 meat rations
 B - a chunk of flesh


   Skills:
 + Level 14.8 Fighting
 - Level 18.5 Maces & Flails
 - Level 11.0 Armour
 - Level 2.1 Dodging


You had 12 spell levels left.
You didn't know any spells.

Dungeon Overview and Level Annotations

Branches:
Dungeon (10/15)            Temple (0/1) D:6            Lair (6/8) D:10
  Swamp (0/4) Lair:4       Spider (0/4) Lair:4
  Slime: Lair:6-8       Orc: D:9-12

Altars:
Cheibriados
Dithmenos
Elyvilon
Fedhas
Kikubaaqudgha
Makhleb
Nemelex Xobeh
Pakellas
Qazlal
Ru
Trog
Vehumet
Xom
Zin


Innate Abilities, Weirdness & Mutations

You reflexively headbutt those who attack you in melee.
You have a pair of horns on your head.


Message History

You headbutt the large abomination, but do no damage.
The large abomination is lightly damaged.
The large abomination hits you.
* * * LOW HITPOINT WARNING * * *
You impale the large abomination!!
The large abomination convulses!
The large abomination is severely damaged.
You impale the large abomination!!
You feel the power of Trog in you as your rage grows.
You destroy the large abomination!
You feel a strong urge to attack something.
You start resting.
You feel your anger subside.
You are no longer berserk.
You are exhausted.
You feel yourself slow down.
You start resting.
A blizzard demon comes into view.
A blizzard demon is nearby!
The blizzard demon gestures at you. The bolt of lightning misses you.
The bolt of lightning hits you!
You die...

## ..# ≈≈##
...#
#≈≈.##.2...
.≈♣...##...
#≈≈..#..#.##
##.≈≈#..# #
#...≈≈#...###
##@#.≈≈#. #. ##
##.)≈≈.# .#.
#.##..#.♣≈..#..
.#.##.#≈≈.. #
#...#.. ≈≈#.#
##.#.. . ≈ #
#.......≈≈## #.
. #. ≈ #
#.##.#.#.#


You could see a blizzard demon.

Vanquished Creatures
  Gastronok (D:8)
  A reaper (Abyss:3)
  2 hydras (Lair:3)
  The ghost of gitgud34 the Grappler, a novice TrMo of Makhleb (D:10)
  3 death yaks
  An unseen horror (D:10)
  2 hill giants (D:10)
  A griffon (Lair:4)
  A large abomination (Abyss:3)
  Joseph (D:7)
  4 black mambas
  6 spiny frogs
  5 komodo dragons
  An ancient zyme (Abyss:3)
  A demonic crawler (Abyss:3)
  3 trolls
  12 blink frogs
  A raiju (Abyss:3)
  A wind drake (shapeshifter) (Abyss:3)
  Sigmund (D:5)
  20 yaks
  The ghost of removeelyvilon the Poker, an amateur MiSk of Qazlal (D:3)
  A basilisk (Lair:5)
  2 hippogriffs
  3 swamp worms (Lair:4)
  5 porcupines
  6 water moccasins
  3 ice beasts
  3 orc warriors
  A wasp (D:8)
  13 ogres
  2 centaurs (D:8)
  7 crocodiles
  2 big kobolds (D:9)
  16 giant frogs
  A gnoll sergeant (D:8)
  5 scorpions
  14 killer bees
  A wight (D:6)
  5 howler monkeys
  3 electric eels (Lair:4)
  2 crimson imps (D:9)
  A giant frog zombie (D:8)
  A centaur zombie (D:5)
  2 quasits
  2 orc priests
  2 hounds
  3 jellies
  Crazy Yiuf (D:6)
  6 orc wizards
  2 centaur skeletons
  11 iguanas
  5 worker ants
  A killer bee zombie (D:9)
  2 hound zombies
  2 hound skeletons
  A worker ant zombie (D:6)
  5 gnolls (D:8)
  13 adders
  33 river rats
  3 shadow imps
  An ooze (D:2)
  An adder skeleton (D:9)
  4 worms
  3 dart slugs
  9 giant geckos
  27 orcs
  8 giant cockroaches
  11 goblins
  8 hobgoblins
  7 jackals
  3 quokkas
  5 ball pythons
  11 bats
  11 giant newts
  11 kobolds
  9 rats
390 creatures vanquished.

Vanquished Creatures (others)
  A death yak (Lair:3)
  A wolf spider (Lair:4)
  A komodo dragon (Lair:5)
  A merfolk (D:9)
  A yak (Lair:3)
  A hippogriff (Lair:6)
  A water moccasin (Lair:4)
  An ogre (D:9)
  A phantom (D:9)
  A centaur (D:9)
  A giant frog (D:7)
  A scorpion (D:7)
  A killer bee (D:9)
  A hound (D:7)
  An orc priest (D:9)
  An adder (D:7)
  2 river rats (Lair:6)
  An adder skeleton (D:7)
  2 giant geckos (D:7)
  A jackal (D:7)
  2 fungi
24 creatures vanquished.

Grand Total: 414 creatures vanquished

Notes
Turn   | Place    | Note
--------------------------------------------------------------
     0 | D:1      | Kenran the Minotaur Berserker began the quest for the Orb.
     0 | D:1      | Reached XP level 1. HP: 19/19 MP: 0/0
    94 | D:1      | Reached skill level 4 in Maces & Flails
   253 | D:1      | Reached XP level 2. HP: 15/26 MP: 1/1
   766 | D:1      | Reached skill level 5 in Maces & Flails
   982 | D:1      | Reached XP level 3. HP: 31/31 MP: 2/2
  1039 | D:1      | Reached ** piety under Trog
  1280 | D:2      | Found a faded altar to an unknown god.
  1641 | D:2      | Reached XP level 4. HP: 33/39 MP: 3/3
  1825 | D:2      | Reached skill level 6 in Maces & Flails
  2316 | D:3      | Found a radiant altar of Vehumet.
  2332 | D:3      | Found a sacrificial altar of Ru.
  2364 | D:3      | Noticed removeelyvilon's ghost (amateur MiSk)
  2371 | D:3      | Killed removeelyvilon's ghost
  2371 | D:3      | Reached skill level 7 in Maces & Flails
  2371 | D:3      | Reached XP level 5. HP: 45/45 MP: 4/4
  2584 | D:3      | Reached skill level 8 in Maces & Flails
  2658 | D:3      | Reached *** piety under Trog
  2662 | D:3      | Found a shadowy altar of Dithmenos.
  2790 | D:3      | Found a glowing drain.
  2807 | D:3      | Reached XP level 6. HP: 51/51 MP: 5/5
  2824 | Sewer    | Entered a sewer
  3332 | D:4      | Found a blossoming altar of Fedhas.
  3522 | D:4      | Reached skill level 5 in Fighting
  3870 | D:5      | Entered Level 5 of the Dungeon
  4053 | D:5      | Reached **** piety under Trog
  4053 | D:5      | Reached XP level 7. HP: 62/62 MP: 6/6
  4397 | D:5      | Noticed Sigmund
  4401 | D:5      | Killed Sigmund
  4401 | D:5      | Reached skill level 5 in Armour
  4553 | D:5      | Got an encrusted war axe
  4554 | D:5      | Identified the +10 war axe of the Grey Skies {holy, *Corrode rElec rF+} (You found it on level 5 of the Dungeon)
  4838 | D:5      | Reached XP level 8. HP: 52/71 MP: 7/7
  4954 | D:6      | Found a bloodstained altar of Trog.
  5219 | D:6      | Found a staircase to the Ecumenical Temple.
  5276 | D:6      | Noticed Crazy Yiuf
  5281 | D:6      | Killed Crazy Yiuf
  5355 | D:6      | Found a snail-covered altar of Cheibriados.
  5497 | D:6      | Found an ancient bone altar of Kikubaaqudgha.
  5497 | D:6      | Found a white marble altar of Elyvilon.
  5498 | D:6      | Found a stormy altar of Qazlal.
  5539 | D:6      | Found a glowing silver altar of Zin.
  6075 | D:7      | Reached skill level 10 in Armour
  6162 | D:7      | Found a shimmering altar of Xom.
  6304 | D:7      | Reached XP level 9. HP: 61/78 MP: 8/8
  6523 | D:7      | Noticed Joseph
  6538 | D:7      | Killed Joseph
  6538 | D:7      | Reached skill level 9 in Maces & Flails
  6591 | D:7      | Received a gift from Trog
  6629 | D:7      | Found an oddly glowing altar of Pakellas.
  6742 | D:7      | Reached ***** piety under Trog
  7263 | D:8      | Reached skill level 10 in Maces & Flails
  7316 | D:8      | Paralysed by a wasp for 1 turns
  7574 | D:8      | Found a sparkling altar of Nemelex Xobeh.
  7662 | D:8      | Reached skill level 11 in Maces & Flails
  8137 | D:8      | Noticed Gastronok
  8170 | D:8      | Killed Gastronok
  8170 | D:8      | Reached skill level 13 in Maces & Flails
  8170 | D:8      | Reached XP level 10. HP: 84/84 MP: 9/9
  8258 | D:8      | Received a gift from Trog
  8517 | D:9      | Reached skill level 14 in Maces & Flails
  8674 | D:8      | Found a burning altar of Makhleb.
  9550 | D:9      | Reached skill level 10 in Fighting
  9955 | D:10     | Entered Level 10 of the Dungeon
  9980 | D:10     | Found a staircase to the Lair.
  9980 | D:10     | Noticed an elephant
  9981 | D:10     | Noticed a death yak
 10000 | D:10     | Noticed gitgud34's ghost (novice TrMo)
 10017 | D:9      | Reached XP level 11. HP: 98/99 MP: 10/10
 10039 | D:10     | Killed gitgud34's ghost
 10310 | D:10     | Noticed a hill giant
 10335 | D:10     | Killed a hill giant
 10343 | D:10     | Noticed a hill giant
 10348 | D:10     | Killed a hill giant
 10348 | D:10     | Reached skill level 15 in Maces & Flails
 10526 | D:10     | Killed a death yak
 10883 | D:10     | Killed an unseen horror
 10883 | D:10     | Reached skill level 16 in Maces & Flails
 11102 | Lair:1   | Entered Level 1 of the Lair of Beasts
 11152 | Lair:1   | You fall through a shaft!
 12275 | Lair:1   | Reached skill level 17 in Maces & Flails
 12876 | Lair:1   | Reached XP level 12. HP: 106/106 MP: 11/11
 13467 | Lair:3   | Found a labyrinth entrance.
 13480 | Lair:3   | Noticed a five-headed hydra
 13487 | Lair:3   | Killed a five-headed hydra
 13487 | Lair:3   | Reached skill level 18 in Maces & Flails
 13641 | Lair:3   | Noticed a death yak
 13642 | Lair:3   | Noticed a death yak
 13642 | Lair:3   | Noticed a death yak
 13658 | Lair:3   | Killed a death yak
 13665 | Lair:3   | Killed a death yak
 13667 | Lair:3   | Banished a death yak
 13721 | Lair:3   | Received a gift from Trog
 14119 | Lair:3   | Noticed a seven-headed hydra
 14127 | Lair:3   | Killed a seven-headed hydra
 15121 | Lair:4   | Found a hole to the Spider Nest.
 15399 | Lair:4   | Found a staircase to the Swamp.
 16219 | Lair:5   | Reached ****** piety under Trog
 16392 | Lair:5   | Received a gift from Trog
 16915 | Lair:6   | Reached XP level 13. HP: 114/123 MP: 12/12
 17141 | Lair:6   | Received a gift from Trog
 17281 | Lair:6   | Cast into level 3 of the Abyss (a distortion unwield)
 17309 | Abyss:3  | Found a shimmering altar of Xom.
 17363 | Abyss:3  | Noticed a reaper
 17406 | Abyss:3  | Killed a reaper
 17420 | Abyss:3  | Noticed a blizzard demon
 17420 | Abyss:3  | Killed from afar by a blizzard demon

Skill      XL: |  1  2  3  4  5  6  7  8  9 10 11 12 13 |
---------------+----------------------------------------+-----
Maces & Flails | 4 5 7 8 13 14 17 18 | 18.5
Fighting       | 5 6 10 13 14 | 14.8
Armour         | 6 10 11 | 11.0
Dodging        | |  2.1

Action                   |  1- 3 |  4- 6 |  7- 9 | 10-12 | 13-15 || total
-------------------------+-------+-------+-------+-------+-------++-------
Melee: Mace              |    82 |   149 |   357 |    16 |       ||   604
       Headbutt          |    16 |    28 |    78 |   115 |    23 ||   260
       Great mace        |       |       |       |   490 |    36 ||   526
       Dire flail        |       |       |       |       |    34 ||    34
Invok: Berserk           |       |     2 |    12 |     3 |     1 ||    18
  Use: Scroll            |       |     7 |     2 |     9 |     1 ||    19
 Stab: Sleeping          |     1 |       |       |       |       ||     1
  Eat: Chunk             |     2 |    20 |    24 |    34 |     1 ||    81
Armor: Animal skin       |     7 |       |       |       |       ||     7
       Ring mail         |    11 |       |       |       |       ||    11
       Scale mail        |    14 |    66 |       |       |       ||    80
       Plate armour      |       |     7 |   263 |   340 |    71 ||   681
Dodge: Dodged            |    42 |    90 |   132 |   181 |    15 ||   460
